 Dungeon Crawl Stone Soup version 0.29.1-15-g9cfb28693d (webtiles) character file.

Game seed: 13491794226968946697

55 kalomar the Cutter (level 3, -2/35 HPs)
             Began as a Troll Gladiator on Dec 16, 2023.
             Slain by a shadow imp (4 damage)
             ... summoned by Natasha
             ... on level 2 of the Dungeon on Mar 28, 2024.
             The game lasted 00:18:14 (983 turns).

kalomar the Cutter (Troll Gladiator)                 Turns: 983, Time: 00:18:14

Health: -2/35      AC:  4    Str: 24    XL:     3   Next: 67%
Magic:  2/2        EV: 10    Int:  4    God:
Gold:   74         SH:  0    Dex: 11    Spells: 2/2 levels left

rFire   . . .      SeeInvis .   a - +0 rapier
rCold   . . .      Faith    .   (no shield)
rNeg    . . .      Spirit   .   b - +0 robe
rPois   .          Reflect  .   c - +0 hat
rElec   .          Harm     .   (no cloak)
rCorr   .          Rampage  .   (gloves unavailable)
Will    .....                   (boots unavailable)
Stlth   +.........              (no amulet)
HPRegen 0.91/turn               (no ring)
MPRegen 0.08/turn               (no ring)

@: no status effects
A: large, unfitting armour, claws 3, regeneration 1, shaggy fur 1, tough skin 1
a: no special abilities


You were on level 2 of the Dungeon.
You visited 1 branch of the dungeon, and saw 2 of its levels.

You collected 74 gold pieces.

Inventory:

Hand Weapons
 a - a +0 rapier (weapon)
 f - a +0 short sword
 g - a +0 hand axe
 k - a +0 whip of freezing
Missiles
 d - 5 throwing nets (quivered)
 e - a large rock
Armour
 b - a +0 robe (worn)
 c - a +0 hat (worn)
 h - a +0 cloak
 m - a +0 robe
Scrolls
 i - a scroll of immolation {unknown}
 j - a scroll of fear {unknown}
Potions
 l - a potion of curing {unknown}


   Skills:
 + Level 1.9 Fighting
 + Level 3.2 Short Blades
 + Level 1.8 Throwing
 + Level 2.9 Dodging


You had 2 spell levels left.
You didn't know any spells.
Your spell library contained the following spells:

 Spells                   Type           Power      Damage    Failure   Level
 Static Discharge         Conj/Air       0%         3-3/arc   65%         2
 Lightning Bolt           Conj/Air       0%         1d11      100%        5
 Maxwell's Capacitive Co  Air            0%         ∞         100%        8


Dungeon Overview and Level Annotations

Branches:
Dungeon (2/15)

Altars:
Ashenzari

Annotations:
D:2 Natasha


Innate Abilities, Weirdness & Mutations

You are too large for most types of armour.
You have claws for hands.
Your natural rate of healing is unusually fast.
You are covered in fur. (AC +1)
You have tough skin. (AC +1)


Message History

A rat comes into view.
The rat barely misses you.
You hit the rat.
You kill the rat!
You see here a rat corpse.
Found 3 stones.
Found a broken altar of Ashenzari.
Found a stone staircase leading down.
There is a broken altar of Ashenzari here.
You see here 3 stones.
There is a stone staircase leading down here.
There is a broken altar of Ashenzari here.
Natasha hisses angrily.
Natasha growls.
Natasha casts a spell.
You hear a shout!
The white imp shouts!
The white imp gestures at you. The puff of frost hits you.
Natasha closely misses you.
You closely miss Natasha. Natasha barely misses you.
You miss Natasha. The white imp hits you. The white imp freezes you.
Natasha claws you.
You closely miss Natasha. Natasha closely misses you. The white imp hits you.
The white imp freezes you.
You hit Natasha.
Natasha is moderately wounded.
Natasha mumbles some strange words.
The white imp hits you. The white imp freezes you.
You hit Natasha but do no damage.
Natasha is moderately wounded.
The white imp gestures at you. The puff of frost hits you!
* * * LOW HITPOINT WARNING * * *
Natasha barely misses you. The shadow imp barely misses you.
You miss Natasha.
Natasha is moderately wounded.
The white imp gestures at you. The puff of frost hits you!
* * * LOW HITPOINT WARNING * * *
Natasha barely misses you. The shadow imp hits you.
You die...

#..# #..#####...#.#
#..# #....>.....#.#
#..# #.#####......#
#######.#####......#
#.........(._...#
####.#####......# #.#
#.....## #.. ###..5#
##.# #.@###### .#
#.h5....# .#
#..####.# .# #..#
#.## ###.†# #.. .
#....# ... .. #.#..#
#.# #. #.#..# #.# #.
#.#..########.######.


You could see Natasha, a white imp (summoned) and a shadow imp (summoned).

Vanquished Creatures
  Natasha (D:2)
  2 dart slugs (D:2)
  3 endoplasms
  A giant cockroach (D:2)
  4 goblins (D:1)
  2 hobgoblins (D:2)
  3 ball pythons
  2 bats
  A frilled lizard (D:1)
  2 kobolds
  6 rats
27 creatures vanquished.

Notes
Turn   | Place    | Note
-------+----------+-------------------------------------------
     0 | D:1      | kalomar the Troll Gladiator began the quest for the Orb.
     0 | D:1      | Reached XP level 1. HP: 19/19 MP: 0/0
   265 | D:1      | Reached XP level 2. HP: 22/27 MP: 1/1
   522 | D:2      | Noticed Natasha
   528 | D:2      | Noticed a crimson imp
   529 | D:2      | Killed Natasha
   530 | D:2      | Reached skill level 3 in Short Blades
   530 | D:2      | Reached XP level 3. HP: 14/35 MP: 2/2
   762 | D:2      | Noticed Natasha
   941 | D:2      | Found a broken altar of Ashenzari.
   983 | D:2      | Slain by a shadow imp

Illustrated notes

Levels and vault maps discovered:
D:1:      lightli_arrival_noodles, layout_basic, grunt_decor_mini_mirrors,
          kennysheep_minor_cross, dk_noncrumbling_2
D:2:      kennysheep_big_flooded_room, layout_loops_ring, serial_shops,
          nicolae_diamond_shop, basic_altar, uniq_natasha

Skill      XL: |  1  2 |
---------------+-------+-----
Short Blades   | 3 |  3.2
Fighting       | |  1.9
Throwing       | |  1.8
Dodging        | |  2.9

Action                   || total
-------------------------++-------
Melee: Rapier            ||   109
       Hand axe          ||     7
  Use: Scroll            ||     1
Armor: Robe              ||    42
Dodge: Dodged            ||    74
